 Dungeon Crawl Stone Soup version 0.30.0-10-gfe55d96785 (webtiles) character file.

Game seed: 14048567037450686823

12271 qeuew the Tortoise (level 11, 0/108 HPs)
             Began as a Minotaur Fighter on May 15, 2023.
             Was an Initiate of Gozag.
             Slain by a skeletal warrior
             ... wielding a +0 short sword
              (13 damage)
             ... on level 10 of the Dungeon.
             The game lasted 00:13:22 (12597 turns).

qeuew the Tortoise (Minotaur Fighter)              Turns: 12597, Time: 00:13:24

Health: 0/108      AC: 10    Str: 24    XL:     11   Next: 60%
Magic:  10/10      EV: 13    Int:  5    God:    Gozag
Gold:   626        SH: 12    Dex: 11    Spells: 10/10 levels left

rFire   + . .        a - +1 war axe
rCold   . . .        c - +1 buckler
rNeg    . . .        b - +0 scale mail
rPois   .            (helmet restricted)
rElec   .            (no cloak)
rCorr   .            (no gloves)
SInv    +            (no boots)
Will    .....        j - amulet of reflection Stlth
                     q - ring of see invisible
HPRegen 0.38/turn    g - ring of protection from fire
MPRegen 0.12/turn

%: reflection
@: mighty, studying Armour
A: horns 2, retaliatory headbutt, mutation resistance 1, robust 1, screaming 1
a: Renounce Religion, Potion Petition, Call Merchant, Bribe Branch


You were on level 10 of the Dungeon.
You worshipped Gozag.
Gozag was pleased with you.
You visited 2 branches of the dungeon, and saw 12 of its levels.
You also visited: Sewer.

You collected 1116 gold pieces.
You paid 490 gold pieces to Gozag.

Inventory:

Hand Weapons
 a - a +1 war axe (weapon)
Armour
 b - a +0 scale mail (worn)
 c - a +1 buckler (worn)
Jewellery
 g - a ring of protection from fire (right hand)
 j - an amulet of reflection (around neck)
 q - a ring of see invisible (left hand)
Wands
 m - a wand of paralysis (11)
 n - a wand of mindburst (8) (quivered)
 t - a wand of iceblast (11)
 x - a wand of polymorph (6)
Scrolls
 e - 2 scrolls of fog
 h - 3 scrolls of teleportation
 l - 4 scrolls of blinking
 r - 2 scrolls of magic mapping
 s - 3 scrolls of fear
Potions
 d - 5 potions of might
 f - 4 potions of flight
 i - 6 potions of curing
 k - 2 potions of mutation
 o - 2 potions of invisibility
 p - a potion of haste
 u - a potion of resistance
Miscellaneous
 v - a lightning rod (4/4)


   Skills:
 + Level 9.8 Fighting
 + Level 9.4 Axes
 * Level 15.6 Armour
 + Level 8.2 Dodging
 + Level 9.9 Shields
 + Level 4.8 Evocations


You had 10 spell levels left.
You didn't know any spells.
Your spell library contained the following spells:

 Spells                   Type           Power      Damage    Failure   Level
 Blink                    Tloc           0%         N/A       86%         2
 Ensorcelled Hibernation  Hex/Ice        0%         N/A       86%         2
 Lesser Beckoning         Tloc           0%         N/A       86%         2
 Momentum Strike          Conj/Tloc      0%         3d8       86%         2
 Passwall                 Tmut/Erth      0%         N/A       86%         2
 Sublimation of Blood     Necr           0%         N/A       86%         2
 Hailstorm                Conj/Ice       0%         3d3       98%         3
 Swiftness                Air            0%         N/A       98%         3
 Ice Form                 Ice/Tmut       0%         N/A       100%        4
 Petrify                  Tmut/Erth      0%         N/A       100%        4
 Fireball                 Conj/Fire      0%         3d3       100%        5
 Irradiate                Conj/Tmut      0%         3d11      100%        5
 Iskenderun's Battlesphe  Conj           0%         2d6       100%        5
 Conjure Ball Lightning   Conj/Air       0%         3x3d6     100%        6
 Orb of Destruction       Conj           0%         9d5       100%        7
 Simulacrum               Ice/Necr       Unusable   N/A       N/A         6

Dungeon Overview and Level Annotations

Branches:
Dungeon (11/15)            Temple (1/1) D:5            Lair (0/5) D:9
  Sewer (visited)
    Orc: D:9-12

Altars:
Ashenzari
Fedhas
Gozag
Hepliaklqana
Kikubaaqudgha
Makhleb
Nemelex Xobeh
Okawaru
Sif Muna
Trog
Vehumet
Xom
Yredelemnul
The Shining One

Annotations:
D:9 1 runed translucent door
D:10 1 runed translucent door


Innate Abilities, Weirdness & Mutations

You have a pair of horns on your head.
You reflexively headbutt those who attack you in melee.
You are somewhat resistant to further mutation.
You are robust. (+10% HP)
You occasionally shout uncontrollably at your foes.


Message History

The skeletal warrior is moderately damaged.
The skeletal warrior hits you with a +0 hand axe!
The skeletal warrior hits you but does no damage.
You hit the skeletal warrior. You headbutt the skeletal warrior!
The skeletal warrior is heavily damaged.
You block the skeletal warrior's attack.
The skeletal warrior hits you from afar with a +0 trident!
You hit the skeletal warrior but do no damage.
The skeletal warrior is heavily damaged.
You barely miss the skeletal warrior.
You block the skeletal warrior's attack.
The skeletal warrior hits you but does no damage.
The skeletal warrior hits you with a +0 short sword!
The skeletal warrior hits you from afar with a +0 glaive!!
The skeletal warrior attacks as you move away!
The skeletal warrior hits you with a +0 short sword.
* * * LOW HITPOINT WARNING * * *
You block the skeletal warrior's attack.
There is a stone staircase leading up here.
You block the skeletal warrior's attack.
The skeletal warrior hits you but does no damage. x2
You block the skeletal warrior's attack.
You climb upwards.
Level annotation: 1 runed translucent door
There is a stone staircase leading down here.
Okay, then.
Okay, then.
You feel very mighty all of a sudden.
The skeletal warrior hits you with a +0 hand axe!
* * * LOW HITPOINT WARNING * * *
You block the skeletal warrior's attack.
Unknown command.
You hit the skeletal warrior but do no damage.
The skeletal warrior is heavily damaged.
You hit the skeletal warrior but do no damage.
The skeletal warrior hits you with a +0 hand axe.
* * * LOW HITPOINT WARNING * * *
The skeletal warrior hits you with a +0 short sword!
You die...
Your body crumbles into a pile of gold.

###### ##########
.....####......z@#
.<.....##......z#####
.....#.##.......'_'.#
.....#..#.......###.#
.....##.#........##.#
.....##.............#
!....####........####
...>.# #........#
...### #........#


You could see 2 skeletal warriors.

Vanquished Creatures
  Josephine (D:11)
  Erica (D:8)
  2 manticores (D:9)
  2 cyclopes
  An unseen horror (D:6)
  A troll (D:9)
  Prince Ribbit (D:7)
  Grinder (Sewer)
  3 slime creatures (D:9)
  2 shadows
  4 wyverns
  2 humans (D:10)
  6 wraiths
  6 yaks (D:10)
  2 steam dragons
  2 acid dragons
  A water moccasin (D:5)
  2 orc warriors
  4 ice beasts
  A sky beast (D:8)
  4 black bears
  4 centaurs
  5 kobold brigands
  2 phantoms
  2 bullfrogs
  A gnoll sergeant (D:9)
  3 scorpions (D:6)
  9 wights
  12 killer bees
  3 electric eels (D:7)
  A vampire bat (D:4)
  3 jellies (D:4)
  4 hounds
  8 orc priests
  A gnoll bouda (D:8)
  2 sleepcaps
  4 iguanas
  8 orc wizards
  8 gnolls
  8 adders
  3 shadow imps
  2 white imps (D:6)
  A howler monkey simulacrum (D:9)
  3 ufetubi (Sewer)
  7 worms
  A dart slug (D:1)
  3 fire bats (D:4)
  32 orcs
  2 spectral bats (D:4)
  7 ball pythons
  3 bat skeletons (D:4)
  2 bat zombies
  10 endoplasms
  11 giant cockroaches
  7 goblins
  7 hobgoblins
  4 jackals (D:1)
  3 quokkas
  21 bats
  A bat simulacrum (D:4)
  A frilled lizard (D:1)
  A giant cockroach zombie (Sewer)
  A jackal skeleton (D:10)
  50 kobolds
  2 kobold zombies (Sewer)
  8 rats
330 creatures vanquished.

Notes
Turn   | Place    | Note
-------+----------+-------------------------------------------
     0 | D:1      | qeuew the Minotaur Fighter began the quest for the Orb.
     0 | D:1      | Reached XP level 1. HP: 19/19 MP: 0/0
    67 | D:1      | Reached XP level 2. HP: 27/27 MP: 1/1
   131 | D:1      | Reached skill level 4 in Armour
   517 | D:1      | Reached XP level 3. HP: 33/33 MP: 2/2
   520 | D:1      | Reached skill level 1 in Dodging
  1112 | D:2      | Reached XP level 4. HP: 38/40 MP: 3/3
  1245 | D:2      | Reached skill level 9 in Armour
  1245 | D:2      | Reached skill level 5 in Dodging
  1245 | D:2      | Reached XP level 5. HP: 51/52 MP: 4/4
  1713 | D:3      | Noticed a black bear
  1721 | D:3      | Killed a black bear
  1722 | D:3      | Reached XP level 6. HP: 43/60 MP: 5/5
  2529 | D:4      | Found a sparkling altar of Nemelex Xobeh.
  3123 | D:4      | Reached XP level 7. HP: 66/66 MP: 6/6
  3259 | D:4      | Found a radiant altar of Vehumet.
  3349 | D:4      | Noticed a steam dragon
  3356 | D:4      | Killed a steam dragon
  3826 | D:4      | Gained mutation: You are frail. (-10% HP) [potion of
                  | mutation]
  3885 | D:5      | Entered Level 5 of the Dungeon
  3892 | D:5      | Found a glowing drain.
  3898 | D:5      | Reached skill level 10 in Armour
  3911 | Sewer    | Entered a sewer
  3998 | Sewer    | Reached XP level 8. HP: 62/65 MP: 7/7
  4120 | Sewer    | Found an ancient bone altar of Kikubaaqudgha.
  4230 | Sewer    | Noticed Grinder
  4234 | Sewer    | Paralysed by Grinder for 5 turns
  4248 | Sewer    | Killed Grinder
  4249 | Sewer    | Reached skill level 1 in Evocations
  4517 | Sewer    | Lost mutation: You are frail. (-10% HP) [potion of
                  | mutation]
  4517 | Sewer    | Gained mutation: Armour fits poorly on your strangely
                  | shaped body. [potion of mutation]
  4517 | Sewer    | Gained mutation: You occasionally lose the ability to drink
                  | potions when taking damage. [potion of mutation]
  4517 | Sewer    | Gained mutation: You have large cloven feet. [potion of
                  | mutation]
  4518 | Sewer    | Lost mutation: You occasionally lose the ability to drink
                  | potions when taking damage. [potion of mutation]
  4518 | Sewer    | Lost mutation: You have large cloven feet. [potion of
                  | mutation]
  4518 | Sewer    | Gained mutation: You expend magic power (3 MP) to
                  | strengthen your wands. [potion of mutation]
  4518 | Sewer    | Gained mutation: You are robust. (+10% HP) [potion of
                  | mutation]
  4519 | Sewer    | Lost mutation: Armour fits poorly on your strangely shaped
                  | body. [potion of mutation]
  4519 | Sewer    | Lost mutation: You expend magic power (3 MP) to strengthen
                  | your wands. [potion of mutation]
  4519 | Sewer    | Gained mutation: You occasionally shout uncontrollably at
                  | your foes. [potion of mutation]
  4519 | Sewer    | Gained mutation: You are weak. (Str -2) [potion of
                  | mutation]
  4519 | Sewer    | Lost mutation: You are weak. (Str -2) [potion of mutation]
  4519 | Sewer    | Gained mutation: You are somewhat resistant to further
                  | mutation. [potion of mutation]
  4545 | Sewer    | Identified a scroll of acquirement
  4545 | Sewer    | Acquired a manual of Armour
  4665 | D:5      | Found a staircase to the Ecumenical Temple.
  5288 | D:6      | Reached XP level 9. HP: 79/89 MP: 8/8
  5309 | D:6      | Reached skill level 11 in Armour
  5341 | D:6      | Noticed an unseen horror
  5365 | D:6      | Killed an unseen horror
  6013 | D:7      | Noticed Prince Ribbit
  6055 | D:7      | Killed Prince Ribbit
  6270 | D:7      | Reached skill level 12 in Armour
  6562 | D:7      | Reached XP level 10. HP: 90/99 MP: 9/9
  7588 | D:8      | Noticed Erica
  7907 | D:8      | Reached skill level 13 in Armour
  8132 | D:8      | Killed Erica
  8339 | D:8      | Found a shimmering blue altar of Sif Muna.
  8355 | D:8      | Found a shimmering altar of Xom.
  8563 | Temple   | Entered the Ecumenical Temple
  8591 | Temple   | Became a worshipper of Gozag Ym Sagoz the Greedy
  9018 | D:9      | Found a runed translucent door.
  9019 | D:9      | Found a burning altar of Makhleb.
  9019 | D:9      | Noticed a sixfirhy
  9113 | D:9      | Noticed a cyclops
  9113 | D:9      | Noticed a manticore
  9116 | D:9      | Noticed a manticore
  9346 | D:9      | Found a staircase to the Lair.
  9399 | D:9      | Killed a manticore
  9410 | D:9      | Killed a manticore
  9640 | D:9      | Reached skill level 14 in Armour
  9810 | D:9      | Killed a cyclops
  9811 | D:9      | Reached XP level 11. HP: 65/106 MP: 10/10
 10601 | D:10     | Entered Level 10 of the Dungeon
 11607 | D:10     | Reached skill level 15 in Armour
 11792 | D:10     | Found a runed translucent door.
 11796 | D:10     | Found a basalt altar of Yredelemnul.
 11885 | D:10     | Found a bloodstained altar of Trog.
 11914 | D:10     | Identified the +1 war axe of Understanding {venom, rElec
                  | rF+}
 11965 | D:10     | Found an iron altar of Okawaru.
 11984 | D:11     | Noticed Josephine
 11996 | D:11     | Killed Josephine
 12582 | D:11     | Noticed a skeletal warrior
 12584 | D:11     | Noticed a skeletal warrior
 12585 | D:11     | Noticed a skeletal warrior
 12585 | D:11     | Noticed a skeletal warrior
 12587 | D:11     | Noticed a skeletal warrior
 12597 | D:10     | Slain by a skeletal warrior

Illustrated notes

Levels and vault maps discovered:
D:1:      amcnicky_arrival_abandoned_market, layout_basic, st_stairs_9,
          minivault_14
D:2:      kennysheep_six_static_rooms, layout_rooms
D:3:      layout_basic, dreamdust_princess_corridor
D:4:      cheibrodos_fertilizer, layout_basic,
          nemelex_xobeh_ov_fountains_minmay, lemuel_crystal_altar,
          goddamned_bats
D:5:      layout_rooms, minmay_temple_entry_hall, enter_ossuary_5,
          cheibrodos_sewer_entry_drain, chequers_serial_rivers_marsh,
          minmay_misc_feat_secret_circle
D:6:      hangedman_cross_stitches, layout_rooms
D:7:      layout_loops_ring, minivault_14, grunt_decor_junction,
          uniq_prince_ribbit1
D:8:      layout_basic, mainiacjoe_overflow_large_starburst, minivault_1,
          uniq_erica
D:9:      minmay_cut_squares, layout_basic, nzn_makhleb_speed_demon,
          dpeg_oklobed_lair, enter_bailey_2,
          nicolae_concentric_dashed_squares_mild
D:10:     layout_roguey, okawaru_humans, kennysheep_mini, dk_yredelemnul_ordeal
D:11:     dreamdust_dug_too_deep, layout_loops_ring, serial_shops, shop,
          evilmike_minifort, uniq_nergalle, uniq_snorg, uniq_josephine
Temple:   nicolae_temple_superstar

Skill      XL: |  1  2  3  4  5  6  7  8  9 10 11 |
---------------+----------------------------------+-----
Armour         | 4 9 10 12 14 15 | 15.6
Dodging        | 1 5 6 7 8 |  8.2
Fighting       | 4 7 8 9 |  9.8
Shields        | 4 7 8 9 |  9.9
Axes           | 6 7 8 9 |  9.4
Evocations     | 1 2 3 4 |  4.8

Action                     |  1- 3 |  4- 6 |  7- 9 | 10-12 || total
---------------------------+-------+-------+-------+-------++-------
  Melee: War axe           |    89 |   124 |   308 |   373 ||   894
         Headbutt          |    15 |    19 |    59 |    84 ||   177
 Invoke: Potion Petition   |       |       |       |     1 ||     1
  Evoke: Wand              |       |       |       |     4 ||     4
    Use: Potion            |     2 |     2 |    10 |     4 ||    18
         Scroll            |     2 |     5 |     4 |     9 ||    20
   Stab: Distracted        |       |       |       |     2 ||     2
 Armour: Scale mail        |    60 |    43 |   116 |    74 ||   293
  Dodge: Dodged            |    49 |    68 |   179 |   191 ||   487
  Block: Buckler           |    26 |    65 |   194 |   249 ||   534
         Reflection        |       |     1 |     7 |     3 ||    11
